Map: Royal Blood LE

Players

BoostBuddy

  • Race: Terran Terran
  • League: Silver
  • Spawn Location: 1:00

GrumpyPants - Winner!

  • Race: Zerg Zerg
  • League: Gold
  • Spawn Location: 7:00

VOD

Have the link to the VOD?

Description

38 min zvt

Time

  • Played on: Aug. 5, 2023, 11:27 p.m.
  • Length: 38:24
Show
View Real Time Build Order
Export as new Build Order

BoostBuddy Terran 

Build Orders:  

Get SALT Encoding   

  12  0:05  SCV  
  13  0:17  Supply Depot  
  13  0:18  SCV  
  14  0:27  Refinery  
  14  0:31  SCV  
  15  0:42  Barracks  
  15  0:46  SCV  
  16  0:56  Refinery  
  16  1:01  SCV  
  17  1:13  SCV  
  18  1:25  SCV  
  19  1:30  Reaper  
  19  1:31  Supply Depot  
  20  1:43  Orbital Command  
  20  1:59  Factory  
  20  2:02  Marine  
  21  2:16  SCV  
  21  2:20  Marine  
  23  2:28  SCV  
  24  2:40  SCV  
  25  2:57  Starport  
  25  3:01  Starport  
  24  3:11  Starport, SCV  
  25  3:14  Factory Tech Lab  
  25  3:18  Marine  
  26  3:23  SCV  
  27  3:29  Command Center  
  27  3:36  Marine  
  28  3:58  Starport Tech Lab  
  28  4:01  Starport Tech Lab  
  28  4:06  Starport Tech Lab  
  28  4:07  Siege Tank  
  31  4:25  Bunker  
  31  4:31  Supply Depot  
  31  4:32  Supply Depot  
  31  4:35  Cloaking Field  
  31  4:40  Banshee x2, Siege Tank  
  31  4:41  Supply Depot  
  40  4:53  Engineering Bay  
  30  5:24  Planetary Fortress  
  30  5:41  Marine  
  31  5:56  Banshee x2  
  37  5:59  Marine  
  38  6:16  Marine  
  39  6:19  Supply Depot  
  39  6:28  SCV  
  39  6:29  SCV  
  41  6:34  Marine  
  42  6:40  SCV  
  42  6:41  Banshee  
  42  6:42  Bunker, SCV  
  47  6:48  Supply Depot  
  47  6:52  Marine, SCV  
  47  6:54  SCV  
  50  6:57  Missile Turret  
  50  7:01  Missile Turret  
  50  7:02  Missile Turret  
  50  7:04  SCV  
  51  7:16  SCV  
  52  7:27  Missile Turret  
  52  7:30  Banshee x3  
  61  7:41  Factory  
  61  7:50  SCV x2  
  63  7:51  Refinery  
  63  7:53  Refinery  
  63  8:02  SCV x2  
  65  8:12  Banshee  
  65  8:14  SCV x2  
  70  8:26  SCV  
  70  8:27  SCV  
  50  9:36  Orbital Command  
  50  10:09  Starport Tech Lab  
  50  10:15  Factory Tech Lab  
  50  10:19  Supply Depot  
  50  10:21  Supply Depot  
  50  10:24  Supply Depot  
  50  10:37  Armory x2  
  50  10:59  Command Center  
  50  11:27  Terran Vehicle And Ship Armor Level 1  
  50  11:28  Terran Vehicle Weapons Level 1  
  50  11:36  Banshee x2  
  50  11:37  Banshee  
  59  11:49  SCV x2  
  61  11:58  Thor  
  61  12:01  SCV x2  
  69  12:13  SCV x2  
  71  12:19  Banshee x2  
  77  12:25  SCV x2  
  77  12:29  Missile Turret  
  79  12:37  SCV x2  
  70  13:08  SCV x2  
  63  13:15  Thor  
  63  13:16  Thor  
  69  13:20  SCV  
  69  13:21  SCV  
  71  13:32  SCV  
  71  13:33  SCV  
  73  13:45  SCV x2  
  75  13:57  SCV  
  75  13:58  Thor x2  
  82  14:38  Planetary Fortress  
  70  15:04  Thor x2  
  82  15:14  Factory  
  82  15:16  SCV x2  
  84  15:23  Neosteel Armor  
  85  15:28  SCV x2  
  86  15:40  Refinery, SCV x2  
  88  15:44  Refinery  
  88  15:51  Command Center  
  88  15:52  SCV x2  
  88  15:53  Terran Vehicle And Ship Armor Level 2  
  88  15:54  Supply Depot  
  90  16:00  Supply Depot  
  90  16:01  Supply Depot  
  90  16:04  SCV  
  90  16:05  SCV  
  92  16:15  Thor  
  98  16:21  Thor  
  98  16:25  Viking x3  
  110  16:41  Factory Tech Lab  
  110  16:55  Viking x3  
  116  17:02  Factory  
  116  17:21  SCV x2  
  118  17:23  Sensor Tower  
  118  17:24  Missile Turret, Viking  
  118  17:25  Raven  
  122  17:33  SCV x2  
  122  17:36  Thor  
  130  17:45  Missile Turret, SCV x2  
  130  17:48  Missile Turret  
  130  17:50  Supply Depot  
  132  17:51  Supply Depot, Refinery  
  132  17:52  Terran Vehicle Weapons Level 2  
  132  17:53  Supply Depot  
  132  17:57  Factory Tech Lab  
  132  18:11  Thor  
  138  18:13  Thor  
  144  18:23  Planetary Fortress  
  144  18:24  Refinery  
  144  18:40  Sensor Tower  
  144  18:48  SCV x2  
  146  18:51  Sensor Tower  
  146  18:54  Thor  
  152  19:00  SCV x2  
  154  19:03  Supply Depot  
  154  19:04  Supply Depot  
  154  19:06  Supply Depot  
  154  19:12  SCV x2  
  154  19:15  Missile Turret  
  156  19:24  Thor  
  156  19:25  SCV  
  163  19:37  SCV  
  164  19:49  SCV  
  165  20:01  SCV  
  166  20:47  Command Center  
  166  20:48  Command Center  
  166  20:49  Command Center  
  166  20:59  Thor x2  
  178  21:12  Supply Depot x2  
  178  21:13  Supply Depot  
  178  21:33  Thor  
  178  21:34  Thor  
  190  21:42  Thor  
  160  22:16  Thor  
  160  22:17  Thor  
  172  22:25  Thor  
  178  22:30  Thor  
  178  22:31  Missile Turret  
  184  22:38  Planetary Fortress  
  184  22:45  Terran Vehicle And Ship Armor Level 3  
  184  22:46  Terran Vehicle Weapons Level 3  
  184  22:59  Thor x2  
  196  23:13  Missile Turret x2  
  196  23:15  Missile Turret x2  
  196  23:31  Command Center  
  196  23:33  Command Center  
  196  23:35  Planetary Fortress  
  117  24:41  Thor x2  
  117  24:42  Thor x2  
  121  25:05  Planetary Fortress  
  121  25:17  Planetary Fortress  
  121  25:24  Thor x3  
  121  25:25  Thor  
  121  25:26  Missile Turret x2  
  145  25:30  Missile Turret  
  145  25:37  Missile Turret  
  145  25:42  Refinery  
  145  25:43  Refinery  
  145  26:06  Refinery  
  145  26:07  Thor x4  
  169  26:13  Sensor Tower  
  169  26:15  Refinery  
  169  26:50  Thor x3  
  169  26:51  Sensor Tower  
  142  28:45  Command Center  
  142  28:46  Command Center  
  142  28:48  Thor x4  
  142  28:50  Command Center  
  166  29:09  Planetary Fortress  
  158  29:31  Thor x4  
  145  29:44  Command Center  
  145  30:14  Thor x4  
  169  30:31  Raven x2  
  173  30:55  Planetary Fortress  
  173  30:56  Thor  
  173  30:57  Thor x3  
  114  32:19  Thor  
  114  32:20  Thor x3  
  138  32:38  SCV  
  139  32:50  SCV  
  136  33:00  Thor x5  
  136  33:02  SCV  
  131  33:14  SCV  
  120  33:26  SCV  
  97  33:48  Thor  
  97  33:49  Thor  
  97  34:20  Command Center  
  98  34:41  Planetary Fortress  
  97  35:49  Thor x3  
  85  35:50  Thor  
  79  36:03  Planetary Fortress  
  73  36:16  SCV  
  73  36:25  Planetary Fortress  
  72  36:28  SCV  
  72  36:32  Thor  
  69  36:40  SCV  
  64  36:52  SCV  
  64  37:01  Thor x3  
  52  37:05  SCV  
  57  37:16  Banshee  
  57  37:17  Banshee  
Show
View Real Time Build Order
Export as new Build Order

GrumpyPants Zerg - Winner!

Build Orders: Pool First 

Get SALT Encoding   

  12  0:00  Drone  
  13  0:12  Overlord  
  13  0:19  Drone  
  14  0:31  Drone x2  
  16  0:43  Spawning Pool  
  16  0:45  Drone  
  16  0:49  Drone  
  17  1:10  Hatchery  
  16  1:14  Drone  
  17  1:30  Extractor  
  17  1:32  Queen  
  18  1:34  Zergling x2  
  18  1:36  Zergling x2  
  18  1:39  Overlord  
  20  1:48  Drone  
  21  2:11  Queen  
  23  2:21  Drone x3  
  26  2:23  Overlord  
  26  2:45  Drone x6  
  32  2:58  Lair  
  31  3:00  Drone x3  
  34  3:07  Zergling x2  
  35  3:32  Zergling x18  
  44  3:35  Metabolic Boost  
  44  3:40  Spore Crawler  
  43  3:43  Spore Crawler x2  
  43  3:44  Spore Crawler  
  43  3:48  Spore Crawler x2  
  38  3:49  Spore Crawler x2  
  38  3:53  Drone x2  
  38  4:10  Evolution Chamber  
  38  4:11  Overlord  
  38  4:13  Evolution Chamber  
  36  4:26  Drone, Roach Warren  
  36  4:30  Overlord  
  36  4:32  Drone  
  37  4:48  Drone x5  
  39  5:10  Roach x5  
  39  5:11  Roach  
  47  5:19  Zergling x4  
  47  5:20  Zergling x4  
  47  5:32  Drone x4  
  51  5:37  Extractor x2  
  51  5:40  Drone x2, Extractor  
  51  5:41  Drone  
  50  5:43  Drone x2  
  52  6:09  Zerg Missile Weapons Level 1  
  52  6:10  Zerg Melee Weapons Level 1  
  48  6:20  Glial Reconstitution  
  48  6:26  Overlord  
  48  6:29  Pneumatized Carapace  
  48  6:32  Roach x2  
  52  6:41  Overlord x3  
  52  6:42  Baneling Nest  
  52  6:46  Drone x3  
  54  6:47  Drone  
  54  6:49  Drone x2  
  54  6:52  Drone  
  58  7:00  Roach x4  
  66  7:09  Queen  
  68  7:26  Overseer  
  68  7:30  Roach x7  
  84  7:51  Roach  
  84  8:01  Overlord  
  84  8:02  Overlord x3  
  78  8:41  Zerg Missile Weapons Level 2  
  44  9:10  Drone x12  
  44  9:11  Drone x6  
  60  9:29  Overseer, Hatchery  
  53  9:38  Zergling x2  
  53  9:39  Zergling x12  
  53  9:44  Queen  
  53  9:45  Queen  
  54  10:07  Baneling x7  
  54  10:08  Baneling x7  
  54  10:14  Hatchery  
  54  10:20  Queen x2  
  57  10:36  Drone x5  
  57  10:37  Drone x3  
  65  10:46  Roach x2  
  65  10:48  Hydralisk Den  
  68  10:50  Queen  
  68  10:56  Queen x2  
  74  11:00  Spore Crawler  
  74  11:03  Spore Crawler  
  72  11:04  Spore Crawler  
  72  11:06  Spore Crawler  
  70  11:12  Roach x2  
  70  11:13  Roach x5  
  70  11:16  Zerg Melee Weapons Level 2  
  70  11:18  Zerg Ground Armor Level 1  
  84  11:20  Zergling x2  
  84  11:21  Zergling x4  
  87  11:26  Queen  
  87  11:28  Centrifugal Hooks  
  87  11:31  Muscular Augments  
  89  11:49  Hydralisk x7  
  103  12:00  Overseer x2  
  103  12:01  Overseer  
  103  12:16  Hydralisk x4  
  111  12:43  Grooved Spines  
  76  13:18  Drone  
  76  13:19  Drone x3  
  80  13:21  Drone x3  
  80  13:23  Drone x3  
  86  13:32  Extractor  
  86  13:33  Extractor  
  65  13:56  Roach x14  
  65  13:57  Roach x2  
  65  13:59  Queen  
  93  14:35  Queen  
  95  14:42  Spore Crawler  
  95  14:44  Hydralisk x3, Spore Crawler  
  95  14:45  Spore Crawler  
  98  14:46  Overlord  
  98  14:47  Overlord x8  
  66  15:00  Hydralisk x6  
  66  15:06  Zerg Ground Armor Level 2  
  78  15:15  Roach x7  
  92  15:37  Roach  
  92  15:38  Roach x8  
  110  15:47  Hydralisk Den  
  109  16:12  Roach x3  
  109  16:14  Hatchery  
  109  16:15  Extractor  
  109  16:16  Extractor  
  112  16:28  Drone x4  
  116  16:37  Hydralisk x3  
  122  16:49  Lurker Den  
  122  16:53  Infestation Pit  
  120  17:00  Hydralisk  
  120  17:01  Hydralisk x2  
  122  17:05  Drone x2  
  128  17:13  Spore Crawler  
  127  17:17  Spore Crawler  
  127  17:20  Spore Crawler  
  125  17:47  Drone x3  
  125  17:48  Drone x3  
  125  17:49  Drone  
  125  17:50  Drone x10  
  142  17:56  Roach x2  
  146  18:07  Overseer  
  146  18:08  Overseer  
  146  18:37  Zergling x16  
  146  18:38  Zergling x24  
  166  19:06  Baneling x17  
  166  19:07  Baneling x23  
  146  20:03  Roach  
  146  20:04  Roach x10  
  168  20:07  Overlord x7  
  168  20:47  Zergling x6  
  168  20:49  Zergling x2  
  173  20:50  Zergling x2  
  173  20:59  Hive  
  173  21:13  Lurker  
  173  21:14  Lurker x14  
  185  21:33  Roach x7  
  197  22:02  Roach  
  199  22:18  Ravager  
  200  22:29  Spore Crawler x2  
  198  23:18  Spore Crawler  
  197  23:20  Spore Crawler x2  
  197  23:22  Spore Crawler  
  130  24:03  Hydralisk x4  
  130  24:05  Zergling x2  
  130  24:06  Zergling x46  
  130  24:07  Zergling x22  
  112  24:37  Hatchery  
  91  24:43  Hatchery  
  83  24:51  Roach x17  
  83  24:52  Roach x3  
  114  25:37  Roach x5  
  114  25:38  Roach x6  
  136  25:55  Roach x5  
  136  25:56  Roach  
  148  26:16  Roach x13  
  174  26:20  Hydralisk x2  
  174  26:21  Hydralisk x2  
  174  26:24  Zerg Missile Weapons Level 3  
  182  26:27  Zerg Ground Armor Level 3  
  182  26:34  Spore Crawler  
  182  26:37  Queen, Spore Crawler  
  182  26:54  Hydralisk x7  
  182  27:00  Pathogen Glands  
  134  28:13  Roach x15  
  134  28:14  Roach x17  
  174  28:28  Roach x5  
  174  28:29  Roach x2  
  148  29:02  Hydralisk x4  
  148  29:03  Hydralisk x7  
  148  29:04  Hydralisk  
  122  29:31  Hydralisk x8  
  122  29:32  Hydralisk  
  108  29:52  Extractor  
  107  29:54  Extractor  
  107  29:55  Spore Crawler  
  105  30:13  Roach x12  
  105  30:14  Roach x4  
  137  30:19  Overseer  
  137  30:20  Overseer x2  
  137  30:22  Adaptive Talons  
  133  31:30  Zergling x32  
  133  31:31  Zergling x48  
  65  32:13  Roach x15  
  65  32:14  Roach x2  
  101  32:23  Roach x10  
  101  32:24  Roach x2  
  101  32:27  Roach x2  
  97  32:53  Roach  
  97  32:54  Roach x15  
  97  32:55  Roach  
  117  33:19  Roach x2  
  123  33:20  Roach x10  
  109  33:39  Viper x7  
  108  34:00  Drone x13  
  121  34:07  Roach Warren  
  120  34:24  Extractor  
  119  34:25  Extractor  
  118  34:55  Roach x18  
  118  34:56  Roach x3  
  152  35:22  Roach x2  
  152  35:23  Roach  
  137  35:56  Roach x9  
  137  35:57  Roach x7  
  153  36:05  Overlord  
  153  36:06  Overlord  
  107  36:57  Roach  
  107  36:58  Roach x19  
  107  36:59  Roach x2  
  135  37:07  Roach  
  133  37:10  Queen x2  
  127  37:22  Queen  
  119  37:32  Roach x6  
  129  38:02  Roach x9  
  129  38:03  Roach  
Tags
 
Matchup
TvZ
Opening
Pool First
Spawn Locations
Cross Positions
Add a new tag
Caveats
  • Supply blocks, unpowered buildings, or Contaminate may cause inaccurate times.
  • Supply counts are checked every 10 seconds.